 Dungeon Crawl Stone Soup version 0.23.0 (webtiles) character file.

Game seed: 8474843693727803930

104 Mgcat the Skirmisher (level 4, -1/50 HPs)
             Began as an Ogre Fighter on Feb 12, 2019.
             Slain by an orc
             ... wielding a +0 falchion
              (2 damage)
             ... on level 3 of the Dungeon.
             The game lasted 00:02:54 (2057 turns).

Mgcat the Skirmisher (Ogre Fighter)                 Turns: 2057, Time: 00:02:55

Health: -1/50      AC:  3    Str: 20    XL:     4   Next: 80%
Magic:  4/4        EV:  8    Int:  9    God:
Gold:   191        SH:  8    Dex:  9    Spells: 3/3 levels left

rFire    . . .     SeeInvis .   a - +0 war axe
rCold    . . .     Gourm    .   c - +0 shield
rNeg     . . .     Faith    .   b - +0 robe
rPois    .         Spirit   .   (helmet restricted)
rElec    .         Reflect  .   (no cloak)
rCorr    .         Harm     .   (gloves unavailable)
MR       .....                  (boots unavailable)
Stlth    +.........             (no amulet)
HPRegen  0.16/turn              e - ring of flight {+Fly, !d}
MPRegen  0.09/turn              (no ring)

@: no status effects
A: large, unfitting armour, tough skin 1
a: Evoke Flight


You were on level 3 of the Dungeon.
You were hungry.

You visited 1 branch of the dungeon, and saw 3 of its levels.

You collected 191 gold pieces.

Inventory:

Hand Weapons
 a - a +0 war axe (weapon)
Missiles
 h - 6 tomahawks (quivered)
Armour
 b - a +0 robe (worn)
 c - a +0 shield (worn)
Jewellery
 e - a ring of flight (left hand) {+Fly, !d}
   (You found it on level 1 of the Dungeon)
 p - an uncursed amulet of faith {Faith, !P}
   (You found it on level 2 of the Dungeon)
Scrolls
 j - 2 scrolls of teleportation {unknown}
 k - 4 scrolls of identify {unknown}
 l - 2 scrolls of immolation {unknown}
 o - a scroll of amnesia {unknown}
 r - 2 scrolls of enchant armour {unknown}
 s - a scroll of fear {unknown}
 t - a scroll of blinking {unknown}
 u - 4 scrolls of enchant weapon {unknown}
 v - 2 scrolls of remove curse {unknown}
 w - a scroll of fog {unknown}
Potions
 d - 2 potions of might
 g - a potion of ambrosia {unknown}
 i - a potion of lignification {unknown}
 m - 2 potions of curing {unknown}
 n - 2 potions of brilliance {unknown}
 q - a potion of magic {unknown}
Comestibles
 f - 7 rations


   Skills:
 + Level 5.2 Fighting
 + Level 3.1 Axes
 + Level 3.5 Dodging
 - Level 2.6 Shields


You had 3 spell levels left.
You didn't know any spells.
Your spell library was empty.

Dungeon Overview and Level Annotations

Branches:
Dungeon (3/15)

Altars:
Dithmenos
Fedhas


Innate Abilities, Weirdness & Mutations

You are too large for most types of armour.
You have tough skin. (AC +1)


Message History

An orc comes into view. It is wielding a +0 whip.
The orc wizard mumbles some strange words.
The orc wizard seems to speed up.
The goblin shoots a stone.
The stone barely misses you.
The orc moves out of view.
You hear a shout!
An orc comes into view. It is wielding a +0 trident.
The goblin shoots a stone.
You block the stone.
You see here a stone.
Spoiler Alert: The orc wizard might cast Slow, Confuse, Throw Flame, Throw Frost, or go Invisible!
The goblin shoots a stone.
You block the stone.
You see here a stone.
Spoiler Alert: The orc wizard might cast Slow, Confuse, Throw Flame, Throw Frost, or go Invisible!
Spoiler Alert: The orc wizard might cast Slow, Confuse, Throw Flame, Throw Frost, or go Invisible!
The goblin unwields a +0 hunting sling.
The goblin wields a +0 club.
The goblin closely misses you. The orc barely misses you.
Spoiler Alert: The orc wizard might cast Slow, Confuse, Throw Flame, Throw Frost, or go Invisible!
You slash the goblin!
You kill the goblin!
You block the orc's attack.
Spoiler Alert: The orc wizard might cast Slow, Confuse, Throw Flame, Throw Frost, or go Invisible!
You block the orc's attack.
The orc wizard casts a spell.
The orc wizard flickers and vanishes!
Deactivating autopickup; reactivate with Ctrl-A.
Items here: ( )) † a +0 club; a +0 hunting sling; 8 stones; a goblin corpse You hit the orc.
The orc is heavily wounded.
The orc hits you with a +0 trident. You block the orc's attack.
You take 6 damage, and have 36/50 hp.
You are too injured to fight recklessly!
You are too injured to fight recklessly!
You are too injured to fight recklessly!
You are too injured to fight recklessly!
You are too injured to fight recklessly!
Your shield prevents you from hitting the orc.
The orc is heavily wounded.
The orc barely misses you.
You hit the orc.
You kill the orc!
Something hits you but does no damage.
You slash something! You block something's attack.
You hear some strange, mumbled words.
A puff of frost appears from out of thin air!
The puff of frost misses you.
You miss something. Something hits you but does no damage.
You block something's attack.
You slash something!
Reactivating autopickup.
You feel a bit more experienced. The orc barely misses you.
You closely miss the orc. The orc hits you with a +0 whip.
You take 4 damage, and have 33/50 hp.
You hit the orc.
The orc is heavily wounded.
The orc barely misses you.
An orc wizard comes into view. It is wielding a +0 dagger.
You block the orc's attack.
Spoiler Alert: The orc wizard (wandering) might cast Slow, Confuse, Throw Flame, Throw Frost, or go Invisible!
The orc wizard shouts!
You hit the orc but do no damage.
The orc is heavily wounded.
An orc comes into view. It is wielding a +0 falchion.
The orc hits you with a +0 whip.
You take 3 damage, and have 31/50 hp.
Spoiler Alert: The orc wizard might cast Slow, Confuse, Throw Flame, Throw Frost, or go Invisible!
The orc shouts!
You hit the orc but do no damage.
The orc is heavily wounded.
Spoiler Alert: The orc wizard might cast Slow, Confuse, Throw Flame, Throw Frost, or go Invisible!
You hit the orc wizard.
The orc wizard is moderately wounded.
The orc wizard casts a spell at you. The magic dart hits you!
You take 7 damage, and have 24/50 hp.
Spoiler Alert: The orc wizard might cast Slow, Confuse, Throw Flame, Throw Frost, or go Invisible!
You closely miss the orc wizard.
The orc wizard is moderately wounded.
You hit the orc but do no damage. The orc barely misses you.
You block the orc wizard's attack. The orc hits you with a +0 falchion!
The orc wizard hits you but does no damage.
You take 7 damage, and have 17/50 hp.
Spoiler Alert: The orc wizard might cast Slow, Confuse, Throw Flame, Throw Frost, or go Invisible!
You hit the orc wizard.
The orc wizard is heavily wounded.
You hit the orc but do no damage. The orc hits you with a +0 falchion.
* * * LOW HITPOINT WARNING * * *
The orc wizard casts a spell at you. The magic dart hits you.
* * * LOW HITPOINT WARNING * * *
You take 7 damage, and have 10/50 hp.
Spoiler Alert: The orc wizard might cast Slow, Confuse, Throw Flame, Throw Frost, or go Invisible!
You closely miss the orc wizard.
The orc wizard is heavily wounded.
You hit the orc but do no damage. You block the orc's attack.
The orc wizard hits you with a +0 dagger.
* * * LOW HITPOINT WARNING * * *
The orc wizard hits you with a +0 dagger.
* * * LOW HITPOINT WARNING * * *
The orc hits you with a +0 falchion.
You die...

### # #.. ##### #o# ....#
#o# ###.####.# #@#
##.......# # #o# #
##..###### #.#.# .#
##...#########.#(##.#
.................(..# ..
##.#..########.#..#.#....
#.##.#..........(.......
#.##...# ####.##(###....
##.###..######.##.###....


You could see an orc wizard and 2 orcs.

Vanquished Creatures
  An orc wizard (D:3)
  3 adders
  An ooze (D:1)
  A worm (D:2)
  A leopard gecko (D:3)
  2 orcs (D:3)
  3 bats
  A giant cockroach (D:2)
  10 goblins
  4 hobgoblins (D:2)
  4 jackals (D:1)
  A frilled lizard (D:2)
  4 kobolds
36 creatures vanquished.

Notes
Turn   | Place    | Note
-------+----------+-------------------------------------------
     0 | D:1      | Mgcat the Ogre Fighter began the quest for the Orb.
     0 | D:1      | Reached XP level 1. HP: 24/24 MP: 1/1
   169 | D:1      | Reached XP level 2. HP: 27/32 MP: 2/2
   209 | D:1      | Reached skill level 3 in Dodging
   748 | D:2      | Reached XP level 3. HP: 40/40 MP: 3/3
   760 | D:2      | Found a shadowy altar of Dithmenos.
  1088 | D:2      | Found a blossoming altar of Fedhas.
  1249 | D:3      | Reached XP level 4. HP: 22/49 MP: 4/4
  1645 | D:3      | Reached skill level 5 in Fighting
  1645 | D:3      | Reached skill level 3 in Axes
  2056 | D:3      | HP: 10/50 [orc wizard/magic dart (5)]
  2057 | D:3      | HP: 1/50 [orc wizard/+0 dagger (5)]
  2057 | D:3      | Slain by an orc

Skill      XL: |  1  2  3  4 |
---------------+-------------+-----
Dodging        | 3 |  3.5
Fighting       | 5 |  5.2
Axes           | 3 |  3.1
Shields        | |  2.6

Action                   |  1- 3 |  4- 6 || total
-------------------------+-------+-------++-------
Melee: War axe           |   102 |    39 ||   141
  Eat: Chunk             |     1 |     2 ||     3
Armor: Robe              |    29 |     6 ||    35
Dodge: Dodged            |    29 |    14 ||    43
Block: Shield            |    46 |    23 ||    69

Levels and vault maps discovered:
D:1:      dpeg_arrival_concentric_ovals, layout_rooms, serial_forest,
          infiniplex_forest_clump_diagonal, infiniplex_forest_lined_room_,
          infiniplex_forest_lined_room_3, infiniplex_forest_clump_cross,
          infiniplex_forest_fountain, infiniplex_forest_end_3
D:2:      layout_basic, lemuel_doored_altar, grunt_dithmenos_smoke,
          minmay_fractal_squares_gapless_5
D:3:      layout_basic

Table legend:
 A = Turns spent in this place as a percentage of turns spent in the entire game.
 B = Non-inter-level travel turns spent in this place as a percentage of non-inter-level travel turns spent in the entire game.
 C = Inter-level travel turns spent in this place as a percentage of turns spent in this place.
 D = Turns resting spent in this place as a percentage of non-inter-level travel turns spent in this place.
 E = Turns spent auto-exploring this place as a percentage of non-inter-level travel turns spent in this place.
 F = Non-inter-level travel turns spent in this place divided by the number of levels of this place that you've seen.
                   A       B       C       D       E      F
               +-------+-------+-------+-------+-------+----------------------
         Total | 100.0 | 100.0 |   3.2 |  23.8 |  62.5 | 664.0
       Dungeon | 100.0 | 100.0 |   3.2 |  23.8 |  62.5 | 664.0
               +-------+-------+-------+-------+-------+----------------------

Table legend:
 A = Kills in this place as a percentage of kills in entire the game.
 B = Kills by you in this place as a percentage of kills by you in the entire game.
 C = Kills by friends in this place as a percentage of kills by friends in the entire game.
 D = Other kills in this place as a percentage of other kills in the entire game.
 E = Experience gained in this place as a percentage of experience gained in the entire game.
 F = Experience gained in this place divided by the number of levels of this place that you have seen.
                   A       B       C       D       E      F
               +-------+-------+-------+-------+-------+----------------------
         Total | 100.0 | 100.0 |   N/A |   N/A | 100.0 |  49.7
       Dungeon | 100.0 | 100.0 |   N/A |   N/A | 100.0 |  49.7
               +-------+-------+-------+-------+-------+----------------------
